 Dungeon Crawl Stone Soup version 0.20.0-7-g3b7b877 (webtiles) character file.

53 McKennaii the Skirmisher (level 3, -8/29 HPs)
             Began as a Demonspawn Abyssal Knight on May 29, 2017.
             Was a Follower of Lugonu.
             Mangled by a mummy (14 damage)
             ... in an ossuary.
             The game lasted 00:01:48 (1104 turns).

McKennaii the Skirmisher (DsAK)                     Turns: 1104, Time: 00:01:48

Health: -8/29      AC:  3    Str: 10 (12) XL:     3   Next: 62%
Magic:  4/4        EV: 23    Int: 17 (18) God:    Lugonu [*.....]
Gold:   93         SH:  5    Dex: 15 (18) Spells: 2/2 levels left

rFire    . . .     SeeInvis .   a - +1 hand axe
rCold    . . .     Gourm    .   (no shield)
rNeg     . . .     Faith    .   b - +0 leather armour
rPois    .         Spirit   .   (no helmet)
rElec    .         Reflect  +   (no cloak)
rCorr    .         Harm     .   (no gloves)
MR       .....                  (no boots)
Stlth    ++........             e - +5 amulet of reflection
Regen    0.1/turn               h - +5 ring of evasion
MPRegen  0.1/turn               (no ring)

@: brilliant, agile, flying
A: hooves 1, repulsion field 1
a: Depart the Abyss, Renounce Religion


You were in an ossuary.
You worshipped Lugonu.
Lugonu was aware of your devotion.
You were hungry.

You visited 1 branch of the dungeon, and saw 3 of its levels.
You visited the Abyss 1 time.
You also visited: Ossuary.

You collected 93 gold pieces.

Inventory:

Hand Weapons
 a - a +1 hand axe (weapon)
Armour
 b - a +0 leather armour (worn)
Jewellery
 e - a +5 amulet of reflection (around neck)
 h - a +5 ring of evasion (left hand)
Wands
 u - a wand of confusion (33/48)
Scrolls
 g - a scroll of fear {unknown}
 j - a scroll of recharging {unknown}
 l - 2 scrolls of identify {unknown}
 m - a scroll of random uselessness {unknown}
 o - 3 scrolls of remove curse {unknown}
 q - a scroll of amnesia {unknown}
 r - 2 scrolls of teleportation {unknown}
Potions
 k - a potion of brilliance
 t - a potion of curing {unknown}
Comestibles
 c - a bread ration
 d - 3 fruits
 i - 2 royal jellies
 s - a meat ration


   Skills:
 + Level 3.5 Fighting
 + Level 2.5 Axes
 + Level 2.1 Armour
 + Level 1.3 Dodging
 + Level 2.6 Invocations


You had 2 spell levels left.
You didn't know any spells.

Dungeon Overview and Level Annotations

Branches:
Dungeon (4/15)
 Temple: D:4-7

Altars:


Innate Abilities, Weirdness & Mutations

You have large cloven feet.
You are surrounded by a mild repulsion field. (EV +2)


Message History

The mummy is lightly damaged.
You hit the mummy but do no damage.
The mummy is lightly damaged.
You closely miss the mummy. The mummy misses you. The mummy closely misses you.
You hit the mummy but do no damage.
The mummy is lightly damaged.
You hit the mummy. x2; The mummy completely misses you.
The mummy hits you!!
Ouch! That really hurt!
* * * LOW HITPOINT WARNING * * *
You hit the mummy.
The mummy is moderately damaged.
You hit the mummy. You barely miss the mummy. You block the mummy's attack.
You hit the mummy. You kick the mummy, but do no damage.
The mummy is moderately damaged.
You closely miss the mummy. You barely miss the mummy.
The mummy completely misses you. x2; The mummy misses you.
The mummy barely misses you. x2
There is a gate leading back out of this place here.
The mummy hits you!
You die...

#........#
#......#
##....##
#....#
#....#
#....#
#....#
#....#
#.MM@#
#..M.#
#.∩∩.#
######


You could see 3 mummies.

Vanquished Creatures
  2 mummies (Ossuary)
  An adder (D:1)
  A dart slug (D:4)
  4 bats
  3 goblins (D:1)
  A frilled lizard (D:4)
  A hobgoblin zombie (Ossuary)
  5 kobold zombies (Ossuary)
  2 orc zombies (Ossuary)
  2 rats (D:1)
22 creatures vanquished.

Notes
Turn   | Place    | Note
-------+----------+-------------------------------------------
     0 | Abyss:1  | McKennaii the Demonspawn Abyssal Knight began the quest for the Orb.
     0 | Abyss:1  | Reached XP level 1. HP: 18/18 MP: 2/2
     9 | Abyss:1  | Found a shadowy altar of Dithmenos.
    66 | Abyss:1  | Noticed a neqoxec
    72 | Abyss:1  | Noticed a stone giant zombie
    78 | D:1      | Escaped the Abyss
   285 | D:1      | Gained mutation: You are surrounded by a mild repulsion field. (EV +2) [demonic ancestry]
   285 | D:1      | Reached XP level 2. HP: 22/24 MP: 3/3
   448 | D:1      | Reached * piety under Lugonu
   653 | D:2      | You fall through a shaft for 2 floors!
   697 | D:4      | Reached skill level 1 in Dodging
   875 | D:4      | Found a sand-covered staircase.
   913 | Ossuary  | Entered an ossuary
   933 | Ossuary  | Gained mutation: You have large cloven feet. [demonic ancestry]
   933 | Ossuary  | Reached XP level 3. HP: 13/29 MP: 4/4
  1104 | Ossuary  | Mangled by a mummy

Skill      XL: |  1  2 |
---------------+-------+-----
Axes           | 2 |  2.5
Armour         | 2 |  2.1
Dodging        | 1 |  1.3
Fighting       | |  3.5
Invocations    | |  2.6

Action                   || total
-------------------------++-------
Melee: Hand axe          ||    70
       Kick              ||     4
Invok: Depart the Abyss  ||     1
  Use: Potion            ||     5
Armor: Leather armour    ||    10
Dodge: Dodged            ||    78
Block: Other             ||    19
